[Event "December 12 Late 2023"]
[Site "https://www.chess.com"]
[Date "2023.12.12"]
[Round "9"]
[White "Hernandez Jimenez, Alexander Andres"]
[Black "BestestBP"]
[Result "0-1"]
[Board "97"]
[TimeControl "180+1"]
[WhiteFideId "3900452"]
[WhiteElo "2249"]
[BlackElo "2154"]
[WhiteTeam "VEN"]
[WhiteClock "0:00:07"]
[BlackClock "0:00:11"]

1. e4 e5 2. Nf3 Nc6 3. Bb5 a6 4. Ba4 Nf6 5. d3 Bc5 6. O-O d6 7. c3 h6 8. d4 exd4 9. cxd4 Ba7 10. e5 Nd5 11. exd6 Qxd6 12. Re1+ Be6 13. Nc3 O-O-O 14. Ne4 Qb4 15. Bxc6 bxc6 16. Qe2 Qb5 17. Be3 Rhe8 18. a4 Qxe2 19. Rxe2 Bf5 20. Ng3 Bg4 21. Rae1 f5 22. h3 Bxf3 23. gxf3 f4 24. Ne4 fxe3 25. fxe3 Nf6 26. Nxf6 gxf6 27. Kf2 Rd5 28. Rc2 c5 29. Rec1 cxd4 30. Rxc7+ Kb8 31. exd4 Rxd4 32. Kg3 Rg8+ 33. Kh2 Rd2+ 34. Kh1 Bb6 35. R7c6 Kb7 36. R6c2 Rxc2 37. Rxc2 Rd8 38. Kg2 a5 39. Kg3 Rd5 40. Kg4 Rd4+ 41. Kf5 Rxa4 42. Rg2 Rh4 43. Rg7+ Ka6 44. Kxf6 Bd4+ 0-1

[Event "December 12 Late 2023"]
[Site "https://www.chess.com"]
[Date "2023.12.12"]
[Round "9"]
[White "Kniazev, Igor"]
[Black "Curtis, John"]
[Result "1-0"]
[Board "98"]
[TimeControl "180+1"]
[WhiteFideId "4136349"]
[BlackFideId "3200256"]
[WhiteElo "2113"]
[BlackElo "2204"]
[WhiteTeam "RUS"]
[BlackTeam "AUS"]
[WhiteClock "0:00:30"]
[BlackClock "0:00:12"]

1. e4 c6 2. d4 d5 3. Nc3 dxe4 4. Nxe4 Bf5 5. Ng3 Nf6 6. Nxf5 Qa5+ 7. Bd2 Qxf5 8. Nf3 Ne4 9. Bd3 Qe6 10. O-O Nxd2 11. Qxd2 Qd6 12. Ne5 Nd7 13. Rfe1 Nxe5 14. dxe5 Qe6 15. Qf4 g5 16. Qe4 O-O-O 17. Bc4 Qg6 18. Qe3 e6 19. Qxa7 Bb4 20. c3 Be7 21. Ba6 bxa6 22. Qxe7 Rd7 23. Qc5 Kb7 24. Qb4+ Ka7 25. Re4 Rhd8 26. Qc5+ Ka8 27. Qxc6+ Ka7 28. h3 Rd5 29. Qc7+ Ka8 30. Rb4 R5d7 31. Qc6+ Ka7 32. Qb6+ Ka8 33. Qxa6+ Ra7 34. Qc6+ Rb7 35. Qxb7# 1-0

[Event "December 12 Late 2023"]
[Site "https://www.chess.com"]
[Date "2023.12.12"]
[Round "9"]
[White "Manfroi, Alexander Giannini"]
[Black "Stead, Kerry"]
[Result "1-0"]
[Board "99"]
[TimeControl "180+1"]
[WhiteFideId "22739335"]
[BlackFideId "3202577"]
[WhiteElo "2191"]
[BlackElo "2076"]
[WhiteTeam "BRA"]
[BlackTeam "AUS"]
[WhiteClock "0:00:46"]
[BlackClock "0:00:57"]

1. d4 c5 2. d5 f5 3. Nc3 g6 4. h4 Nf6 5. h5 gxh5 6. e4 d6 7. Bb5+ Bd7 8. Be2 Qa5 9. Bxh5+ Kd8 10. Bd2 Qb4 11. a3 Qxb2 12. Rb1 Qxa3 13. Rxb7 Nxe4 14. Nxe4 fxe4 15. Qb1 Na6 16. Rh3 Qa4 17. Rhb3 Bg7 18. Rxd7+ Kxd7 19. Rb7+ Nc7 20. Bg4+ e6 21. Bxe6+ Kd8 22. Bg5+ Ke8 23. Rb8+ 1-0

[Event "December 12 Late 2023"]
[Site "https://www.chess.com"]
[Date "2023.12.12"]
[Round "9"]
[White "Vargas, Mauricio"]
[Black "Novikova, Margarita"]
[Result "1-0"]
[Board "100"]
[TimeControl "180+1"]
[WhiteFideId "4404572"]
[BlackFideId "14109689"]
[WhiteElo "1830"]
[BlackElo "2127"]
[WhiteTeam "COL"]
[BlackTeam "GER"]
[WhiteClock "0:00:03"]
[BlackClock "0:00:11"]

1. e4 e5 2. Nf3 Nc6 3. d4 exd4 4. Bc4 Nf6 5. e5 d5 6. Bb5 Ne4 7. Nxd4 Bd7 8. Bxc6 bxc6 9. O-O Be7 10. f3 Nc5 11. f4 O-O 12. f5 Bg5 13. f6 Bxc1 14. Qxc1 Ne4 15. Nc3 Re8 16. Nxe4 Rxe5 17. Nc5 Bg4 18. Qf4 Qxf6 19. Qxg4 Re4 20. Nxe4 Qxd4+ 21. Nf2 Qxb2 22. Qf5 g6 23. Qd3 f5 24. Nh3 Qb6+ 25. Kh1 Qc5 26. Rfe1 Rb8 27. Qe3 d4 28. Qe6+ Kf8 29. Ng5 Kg7 30. h4 Kh6 31. Qe7 Qxe7 32. Rxe7 Kh5 33. Rxh7+ Kg4 34. Nf3 c5 35. Rg7 Kg3 36. Rxg6+ Kf2 37. Rf6 Rd8 38. Rxf5 Kg3 39. h5 c4 40. Rg5+ Kf4 41. Rf1 Ke3 42. Re5+ Kf4 43. Re7 d3 44. cxd3 cxd3 45. Ne5+ Kg5 46. Rg7+ Kh6 47. Rg6+ Kxh5 48. Rf5+ Kh4 49. Rg4# 1-0

[Event "December 12 Late 2023"]
[Site "https://www.chess.com"]
[Date "2023.12.12"]
[Round "9"]
[White "Dilmukhametov, Artur"]
[Black "Omariev, Maksim"]
[Result "0-1"]
[Board "101"]
[TimeControl "180+1"]
[WhiteFideId "24179922"]
[BlackFideId "4193423"]
[WhiteElo "2358"]
[BlackElo "2442"]
[WhiteTeam "RUS"]
[BlackTeam "RUS"]
[WhiteClock "0:00:01"]
[BlackClock "0:01:19"]

1. e4 c5 2. d4 cxd4 3. c3 dxc3 4. Nxc3 e6 5. Nf3 a6 6. Bc4 Nc6 7. O-O Nge7 8. Bg5 f6 9. Bh4 Ng6 10. Bg3 b5 11. Bb3 Bb7 12. Qe2 Bc5 13. Rac1 Qe7 14. Rfd1 O-O 15. h4 Nge5 16. Nxe5 fxe5 17. Qg4 Rf7 18. h5 Raf8 19. Rf1 Nd4 20. h6 d6 21. Rcd1 Kh8 22. Bh4 Qe8 23. Rxd4 exd4 24. Bxe6 dxc3 25. Bxf7 Qxf7 26. bxc3 gxh6 27. Qe2 Qg6 28. Kh2 Qxe4 29. Qh5 Qxg2# 0-1

[Event "December 12 Late 2023"]
[Site "https://www.chess.com"]
[Date "2023.12.12"]
[Round "9"]
[White "Oliveira, Tiago Batista"]
[Black "Su, Dion"]
[Result "1-0"]
[Board "102"]
[TimeControl "180+1"]
[WhiteFideId "2108291"]
[BlackFideId "2029731"]
[WhiteElo "2074"]
[BlackElo "2354"]
[WhiteTeam "BRA"]
[BlackTeam "USA"]
[WhiteClock "0:00:09"]
[BlackClock "0:00:36"]

1. d4 e6 2. c4 Nf6 3. Nf3 Bb4+ 4. Bd2 a5 5. g3 O-O 6. Bg2 d6 7. O-O Bxd2 8. Qxd2 Nbd7 9. Nc3 e5 10. e4 Re8 11. Rad1 exd4 12. Nxd4 Nc5 13. Rfe1 Bd7 14. h3 Qc8 15. Kh2 h6 16. f4 h5 17. Qf2 h4 18. gxh4 Bg4 19. Rd2 Bh5 20. Qg3 Nh7 21. Rg1 g6 22. f5 Kh8 23. Bf3 Bxf3 24. Qxf3 Qd8 25. fxg6 fxg6 26. Rg4 Rf8 27. Qg3 c6 28. Rxg6 Qe7 29. Nf5 Nxe4 30. Nxe4 Qxe4 31. Nxd6 Qe7 32. Qc3+ Nf6 33. Nf5 Qe6 34. Rh6+ Kg8 35. Qg3+ Kf7 36. Qg6# 1-0

[Event "December 12 Late 2023"]
[Site "https://www.chess.com"]
[Date "2023.12.12"]
[Round "9"]
[White "Gulamirian, Korun"]
[Black "Kostiukov, Alexandr"]
[Result "1/2-1/2"]
[Board "103"]
[TimeControl "180+1"]
[WhiteFideId "4144899"]
[BlackFideId "14108100"]
[WhiteElo "2008"]
[BlackElo "2331"]
[WhiteTeam "RUS"]
[BlackTeam "UKR"]
[WhiteClock "0:00:14"]
[BlackClock "0:00:18"]

1. e4 c5 2. Be2 g6 3. f4 Bg7 4. c3 d5 5. d3 Nc6 6. Nf3 Nf6 7. e5 Ng4 8. h3 Nh6 9. O-O d4 10. c4 f6 11. Nbd2 fxe5 12. fxe5 O-O 13. Ne4 b6 14. Bg5 Nf5 15. Qd2 Nxe5 16. Nxe5 Bxe5 17. Bh6 Nxh6 18. Qxh6 Bg7 19. Qh4 Bf5 20. Ng5 h6 21. Ne4 e5 22. Qg3 Bxe4 23. dxe4 Qg5 24. Qxg5 hxg5 25. Bd3 Bh6 26. Rxf8+ Rxf8 27. Rf1 Rf4 28. g3 Rxf1+ 29. Kxf1 g4 30. hxg4 Bc1 31. b3 Kg7 32. Ke2 Kf6 33. Kd1 Be3 34. a3 Kg5 35. Be2 Bf2 36. b4 Bxg3 37. bxc5 bxc5 38. Kc2 Kf4 39. Kd3 Be1 40. a4 Kg3 41. Bd1 Kf2 42. Bc2 Bb4 43. Bd1 g5 44. Be2 Ke1 45. Bf3 Bc3 46. Be2 Kf2 47. Bd1 Be1 48. Be2 Bb4 49. Bd1 Ke1 50. Be2 Bd2 51. Bf3 Bf4 52. Be2 Kf2 53. Bd1 Ke1 54. Be2 Bc1 55. Bf3 Bb2 56. Be2 Ba3 57. Bf3 Bb4 58. Be2 a5 59. Bf3 Bc3 60. Be2 Bb4 61. Bf3 Bc3 62. Be2 Bb4 1/2-1/2

[Event "December 12 Late 2023"]
[Site "https://www.chess.com"]
[Date "2023.12.12"]
[Round "9"]
[White "Travadon, Loic"]
[Black "Desideri, Ricardo Maruchi"]
[Result "1-0"]
[Board "104"]
[TimeControl "180+1"]
[WhiteFideId "26092131"]
[BlackFideId "2110440"]
[WhiteElo "2126"]
[BlackElo "2005"]
[WhiteTeam "FRA"]
[BlackTeam "BRA"]
[WhiteClock "0:00:39"]
[BlackClock "0:00:02"]

1. e4 c5 2. Nc3 d6 3. Nf3 Nf6 4. d4 cxd4 5. Nxd4 a6 6. Be2 e6 7. g4 b5 8. g5 Nfd7 9. Be3 Bb7 10. Bf3 Nb6 11. b3 Qc7 12. Qd2 N8d7 13. O-O-O Rc8 14. Kb2 Ne5 15. Be2 Be7 16. f4 b4 17. Na4 Nxa4+ 18. bxa4 Nc4+ 19. Bxc4 Qxc4 20. Rhe1 Bxe4 21. Rc1 O-O 22. Nb3 d5 23. Bd4 Qc6 24. a5 Qa4 25. h4 Qa3+ 26. Kb1 Rc4 27. Bb2 Qa4 28. h5 Rfc8 29. h6 Rc3 30. Qd4 Bxc2+ 31. Rxc2 f6 32. Rxc3 bxc3 33. Qxa4 c2+ 34. Kc1 Bd6 35. Rxe6 Rc4 36. Qxc4 dxc4 37. Rxd6 cxb3 38. axb3 1-0

[Event "December 12 Late 2023"]
[Site "https://www.chess.com"]
[Date "2023.12.12"]
[Round "9"]
[White "Prokhorov, Oleksandr"]
[Black "Korol, Dimitry"]
[Result "1/2-1/2"]
[Board "105"]
[TimeControl "180+1"]
[WhiteFideId "14105578"]
[BlackFideId "14108003"]
[WhiteElo "2333"]
[BlackElo "2302"]
[WhiteTeam "UKR"]
[BlackTeam "UKR"]
[WhiteClock "0:01:26"]
[BlackClock "0:01:00"]

1. e4 c5 2. c3 d5 3. exd5 Qxd5 4. d4 cxd4 5. cxd4 Nc6 6. Nf3 e5 7. Nc3 Bb4 8. Bd2 Bxc3 9. Bxc3 e4 10. Ne5 Nxe5 11. dxe5 Ne7 12. Be2 O-O 13. O-O Qe6 14. Qd6 Re8 15. Rfd1 Nc6 16. Rac1 Qxa2 17. Bb5 Be6 18. Bxc6 bxc6 19. Qxc6 Bf5 20. h3 1/2-1/2

[Event "December 12 Late 2023"]
[Site "https://www.chess.com"]
[Date "2023.12.12"]
[Round "10"]
[White "Andreikin, Dmitry"]
[Black "Bluebaum, Matthias"]
[Result "1/2-1/2"]
[Board "1"]
[TimeControl "180+1"]
[WhiteFideId "4158814"]
[BlackFideId "24651516"]
[WhiteElo "3124"]
[BlackElo "3064"]
[WhiteTeam "FID"]
[BlackTeam "GER"]
[WhiteClock "0:00:54"]
[BlackClock "0:00:52"]

1. d4 d5 2. c4 e6 3. Nf3 Nf6 4. Bg5 Bb4+ 5. Nc3 h6 6. Bxf6 Qxf6 7. Qa4+ Nc6 8. e3 O-O 9. Rc1 Qg6 10. Qc2 Qxc2 11. Rxc2 Rd8 12. a3 Bf8 13. Be2 dxc4 14. Bxc4 Ne7 15. O-O b6 16. Bd3 Bb7 17. Be4 c6 18. Ne5 Rab8 19. Rfc1 c5 20. dxc5 bxc5 21. Bxb7 Rxb7 22. Nc4 Nd5 23. Kf1 Nxc3 24. Rxc3 Be7 25. Ke2 Bf6 26. R3c2 Rdb8 27. Kf3 Bxb2 28. Nxb2 Rxb2 29. Rxb2 Rxb2 30. Rxc5 Rb7 31. Ra5 g5 32. h4 gxh4 33. Ra4 Kg7 34. Rxh4 a5 35. Rc4 Rb3 36. a4 Ra3 37. g4 Ra2 38. Kg3 Kg6 39. f4 Ra3 40. Kf3 Ra2 41. Ke4 Rg2 42. Kf3 Ra2 43. Ke4 Rg2 44. Kf3 Ra2 1/2-1/2

[Event "December 12 Late 2023"]
[Site "https://www.chess.com"]
[Date "2023.12.12"]
[Round "10"]
[White "Lazavik, Denis"]
[Black "Dubov, Daniil"]
[Result "1-0"]
[Board "2"]
[TimeControl "180+1"]
[WhiteFideId "13515110"]
[BlackFideId "24126055"]
[WhiteElo "3078"]
[BlackElo "3130"]
[WhiteTeam "BLR"]
[BlackTeam "RUS"]
[WhiteClock "0:00:39"]
[BlackClock "0:00:00"]

1. d4 Nf6 2. c4 g6 3. g3 Bg7 4. Bg2 O-O 5. Nc3 Nc6 6. h3 d6 7. Nf3 Re8 8. O-O a5 9. Be3 Bd7 10. Rc1 h6 11. Qd2 Kh7 12. Rfd1 a4 13. Nd5 Ne4 14. Qc2 f5 15. Ne1 e6 16. Nf4 Nf6 17. d5 Nb4 18. Qd2 e5 19. Qxb4 exf4 20. gxf4 b6 21. Qd2 Ne4 22. Qc2 a3 23. b3 Bb2 24. Nf3 Bxc1 25. Rxc1 Qf6 26. Bd4 Qf7 27. e3 Rg8 28. h4 g5 29. hxg5 hxg5 30. fxg5 Nxg5 31. Kf1 Rae8 32. Ke2 Kg6 33. Rh1 Rh8 34. Rxh8 Rxh8 35. Bxh8 Ne4 36. Bd4 Qh7 37. Qc1 Qh5 38. Qh1 Qg4 39. Qh3 1-0

[Event "December 12 Late 2023"]
[Site "https://www.chess.com"]
[Date "2023.12.12"]
[Round "10"]
[White "Hakobyan, Aram"]
[Black "Melkumyan, Hrant"]
[Result "1/2-1/2"]
[Board "3"]
[TimeControl "180+1"]
[WhiteFideId "13306677"]
[BlackFideId "13302485"]
[WhiteElo "3035"]
[BlackElo "2934"]
[WhiteTeam "ARM"]
[BlackTeam "ARM"]
[WhiteClock "0:00:03"]
[BlackClock "0:00:06"]

1. e4 e5 2. Nf3 Nc6 3. Nc3 Nf6 4. Nd5 Nxe4 5. Qe2 Nf6 6. Nxe5 Be7 7. Nxc6 dxc6 8. Qxe7+ Qxe7+ 9. Nxe7 Kxe7 10. f3 h5 11. h4 Be6 12. Kf2 Kd7 13. d3 a5 14. a3 Ne8 15. Bd2 Nd6 16. Be2 c5 17. g4 hxg4 18. fxg4 f6 19. Rag1 b6 20. h5 Raf8 21. Ke1 Nf7 22. Be3 Ng5 23. Rg3 Re8 24. Kd2 Re7 25. Bd1 Bd5 26. Rh2 Rhe8 27. Rf2 Re5 28. Bf4 R5e7 29. Be3 Re5 30. h6 gxh6 31. Rxf6 R8e6 32. Rxe6 Rxe6 33. Rg1 Rf6 34. Be2 Ke6 35. Rg3 Kf7 36. Rg1 Kg6 37. Rg3 Rf7 38. Ke1 Re7 39. Kd2 Re8 40. Kd1 Re7 41. Kd2 c4 42. Bf4 Ne6 43. Be3 Ng5 44. Bf4 Ne6 45. Be3 Rd7 46. Ke1 b5 47. dxc4 Bxc4 48. Bxc4 bxc4 49. Rf3 Rd5 50. Rf5 Rxf5 51. gxf5+ Kxf5 52. Bxh6 a4 53. Kd2 Ke4 54. Kc3 Kd5 55. Kb4 Nc5 56. Be3 Ne4 57. Kxa4 c6 58. Kb4 Nf6 59. a4 Ng4 60. Bc5 Ne5 61. a5 Nd7 62. Bg1 Nb8 63. Kc3 Na6 64. Bb6 Nb8 65. Bc7 Na6 66. Bh2 Nc5 67. Kb4 Na6+ 68. Ka4 Nc5+ 69. Ka3 Na6 70. Bg1 Nc7 71. Kb4 Na6+ 72. Kc3 Nc7 73. Kd2 Na6 74. Bb6 Nb8 75. Ke3 Na6 76. Ke2 c5 77. Bd8 Kc6 78. Kd2 Kb5 79. Kc3 Nb4 80. Kd2 Nc6 81. Bc7 Nb4 82. Bd8 Nc6 83. Bb6 Nb4 84. Bc7 Nc6 85. Ke3 Nd4 86. Kd2 Nc6 87. Bb6 Nb4 88. Bd8 1/2-1/2

[Event "December 12 Late 2023"]
[Site "https://www.chess.com"]
[Date "2023.12.12"]
[Round "10"]
[White "Duda, Jan-Krzysztof"]
[Black "Tari, Aryan"]
[Result "1/2-1/2"]
[Board "4"]
[TimeControl "180+1"]
[WhiteFideId "1170546"]
[BlackFideId "1510045"]
[WhiteElo "3061"]
[BlackElo "2895"]
[WhiteTeam "POL"]
[BlackTeam "NOR"]
[WhiteClock "0:00:05"]
[BlackClock "0:00:17"]

1. e4 e5 2. Nf3 Nc6 3. Bb5 Nge7 4. Nc3 Ng6 5. d4 exd4 6. Nxd4 Nxd4 7. Qxd4 c6 8. Be2 Qb6 9. Qd3 Be7 10. O-O O-O 11. a3 d6 12. Be3 Qc7 13. Rad1 b5 14. f4 f5 15. Nxb5 cxb5 16. Qd5+ Kh8 17. Qxa8 Qxc2 18. Bd3 Qxb2 19. exf5 Bxf5 20. Qd5 Nh4 21. Bxf5 Nxf5 22. Bxa7 Qxa3 23. Bf2 Qa4 24. g3 b4 25. Ra1 Qd7 26. Ra8 h6 27. Rxf8+ Bxf8 28. Rb1 Ne7 29. Qa8 Qf5 30. Rxb4 d5 31. Rb8 Ng6 32. Rd8 Qb1+ 33. Kg2 Qe4+ 34. Kf1 Qd3+ 35. Ke1 Qb1+ 36. Kd2 Qb2+ 37. Ke3 Qc3+ 38. Ke2 Qc2+ 39. Kf1 Qd3+ 40. Kg1 Qb1+ 41. Kg2 Qe4+ 42. Kh3 Qf5+ 43. Kg2 Qe4+ 1/2-1/2

[Event "December 12 Late 2023"]
[Site "https://www.chess.com"]
[Date "2023.12.12"]
[Round "10"]
[White "Zhigalko, Sergei"]
[Black "Sarana, Alexey"]
[Result "1-0"]
[Board "5"]
[TimeControl "180+1"]
[WhiteFideId "13502956"]
[BlackFideId "24133795"]
[WhiteElo "2963"]
[BlackElo "3050"]
[WhiteTeam "BLR"]
[BlackTeam "SRB"]
[WhiteClock "0:00:21"]
[BlackClock "0:00:05"]

1. e4 c5 2. c3 d5 3. exd5 Qxd5 4. d4 Nc6 5. Nf3 Bf5 6. Be3 Nf6 7. Nbd2 e6 8. Bc4 Qd7 9. dxc5 Ng4 10. Qe2 Nxe3 11. Qxe3 Be7 12. O-O O-O 13. b4 Bf6 14. Nb3 Rfd8 15. Bb5 Qc7 16. Bxc6 bxc6 17. Rad1 e5 18. h3 h6 19. Rfe1 e4 20. Nfd4 Bg6 21. Nd2 Bg5 22. Qe2 Re8 23. Nc4 Bf4 24. Qg4 h5 25. Qh4 Rad8 26. Ne2 Bh6 27. Nd6 Re6 28. Nxf7 Qxf7 29. Qxd8+ Kh7 30. Rd7 Qf5 31. Nd4 Qe5 32. Nxe6 Qxe6 33. Rd6 Qf5 34. Qd7 Qg5 35. h4 Qxh4 36. Rxg6 Kxg6 37. Qxc6+ Kf7 38. Qd5+ 1-0

[Event "December 12 Late 2023"]
[Site "https://www.chess.com"]
[Date "2023.12.12"]
[Round "10"]
[White "Salem, A.R. Saleh"]
[Black "Bok, Benjamin"]
[Result "1-0"]
[Board "6"]
[TimeControl "180+1"]
[WhiteFideId "9301348"]
[BlackFideId "1017063"]
[WhiteElo "3013"]
[BlackElo "2946"]
[WhiteTeam "UAE"]
[BlackTeam "NED"]
[WhiteClock "0:00:49"]
[BlackClock "0:00:33"]

1. d4 Nf6 2. c4 e6 3. Nf3 b6 4. a3 Bb7 5. Nc3 d5 6. Qc2 dxc4 7. e4 c5 8. d5 exd5 9. exd5 Bd6 10. Bg5 O-O 11. O-O-O h6 12. h4 Nbd7 13. Ne4 Bb8 14. Bxc4 Re8 15. Nxf6+ Nxf6 16. d6 Bxd6 17. Qg6 Qe7 18. Bxh6 Bf4+ 19. Bxf4 Be4 20. Qg5 Bh7 21. Ne5 Rf8 22. h5 Qb7 23. h6 1-0

[Event "December 12 Late 2023"]
[Site "https://www.chess.com"]
[Date "2023.12.12"]
[Round "10"]
[White "Durarbayli, Vasif"]
[Black "Yoo, Christopher Woojin"]
[Result "0-1"]
[Board "7"]
[TimeControl "180+1"]
[WhiteFideId "13402935"]
[BlackFideId "30909694"]
[WhiteElo "2923"]
[BlackElo "3009"]
[WhiteTeam "AZE"]
[BlackTeam "USA"]
[WhiteClock "0:00:00"]
[BlackClock "0:00:08"]

1. e4 c5 2. Nf3 d6 3. d4 cxd4 4. Nxd4 Nf6 5. Nc3 Nc6 6. f3 e5 7. Nb3 Be7 8. Be3 O-O 9. Qd2 a5 10. Bb5 Be6 11. Rd1 Na7 12. Be2 Nc8 13. a3 a4 14. Nc1 Nb6 15. Bb5 d5 16. Bxb6 Qxb6 17. exd5 Rfd8 18. Bc4 Bf5 19. Nd3 e4 20. fxe4 Nxe4 21. Nxe4 Bxe4 22. Qf2 Qa5+ 23. Rd2 Bg5 24. Nb4 Bxd2+ 25. Qxd2 Rac8 26. Qd4 Qc5 27. Qxc5 Rxc5 28. Ba2 Bxc2 29. O-O Bg6 30. Rd1 Rd6 31. Kf2 Kf8 32. Ke3 Rc8 33. Kd4 f6 34. Bc4 Be8 35. Re1 Bd7 36. Bd3 g6 37. g3 Rb6 38. Rf1 Ke7 39. Rf4 g5 40. Rf2 h6 41. Re2+ Kd6 42. Rf2 Rf8 43. Bf5 Bxf5 44. Rxf5 Rb5 45. h4 Rc5 46. hxg5 hxg5 47. Nd3 Rc2 48. Nf2 Rd2+ 49. Ke3 Rxd5 50. Ne4+ Ke6 51. Rf1 Re5 52. Kd4 Rd8+ 0-1

[Event "December 12 Late 2023"]
[Site "https://www.chess.com"]
[Date "2023.12.12"]
[Round "10"]
[White "Kadric, Denis"]
[Black "Drygalov, Andrey"]
[Result "0-1"]
[Board "8"]
[TimeControl "180+1"]
[WhiteFideId "14403803"]
[BlackFideId "24171735"]
[WhiteElo "2823"]
[BlackElo "3005"]
[WhiteTeam "MNE"]
[BlackTeam "RUS"]
[WhiteClock "0:00:35"]
[BlackClock "0:00:34"]

1. e4 c5 2. Nc3 d6 3. f4 g6 4. Nf3 Bg7 5. Bb5+ Bd7 6. Bc4 Nc6 7. d3 Nd4 8. a4 e6 9. f5 exf5 10. O-O Ne7 11. Nxd4 cxd4 12. Nb5 Be5 13. c3 Bxb5 14. Bxb5+ Kf8 15. Bh6+ Kg8 16. Qb3 dxc3 17. bxc3 Qb6+ 18. Kh1 a6 19. exf5 Nxf5 20. Rxf5 gxf5 21. Rf1 d5 22. Qxd5 Qxh6 23. Bc4 Qxh2# 0-1

[Event "December 12 Late 2023"]
[Site "https://www.chess.com"]
[Date "2023.12.12"]
[Round "10"]
[White "Adewumi, Tanitoluwa"]
[Black "Smirnov, Anton"]
[Result "1/2-1/2"]
[Board "9"]
[TimeControl "180+1"]
[WhiteFideId "30966396"]
[BlackFideId "3208923"]
[WhiteElo "2776"]
[BlackElo "2987"]
[WhiteTeam "USA"]
[BlackTeam "AUS"]
[WhiteClock "0:00:06"]
[BlackClock "0:01:19"]

1. e4 c5 2. Nf3 d6 3. Bb5+ Bd7 4. Bxd7+ Qxd7 5. O-O Nf6 6. Qe2 Nc6 7. b3 g6 8. Bb2 Bg7 9. c4 Nh5 10. Bxg7 Nxg7 11. Nc3 O-O 12. Rad1 Ne6 13. d3 Rae8 14. Qe3 Ned4 15. Nd5 f5 16. exf5 Nxf3+ 17. Qxf3 Nd4 18. Qe3 Nxf5 19. Qg5 Kg7 20. Rde1 e6 21. Nf4 Nd4 22. Re3 Rf5 23. Qg4 Ref8 24. g3 h5 25. Qxg6+ Kh8 26. Qh6+ Kg8 27. Ng6 Rd8 28. Nf4 Rdf8 29. Qg6+ Kh8 30. Qh6+ Kg8 1/2-1/2

[Event "December 12 Late 2023"]
[Site "https://www.chess.com"]
[Date "2023.12.12"]
[Round "10"]
[White "Indjic, Aleksandar"]
[Black "Nihal Sarin"]
[Result "0-1"]
[Board "10"]
[TimeControl "180+1"]
[WhiteFideId "911925"]
[BlackFideId "25092340"]
[WhiteElo "2897"]
[BlackElo "3134"]
[WhiteTeam "SRB"]
[BlackTeam "IND"]
[WhiteClock "0:00:00"]
[BlackClock "0:00:09"]

1. c4 c6 2. Nc3 d5 3. d4 Nf6 4. Nf3 a6 5. Qc2 g6 6. e4 dxe4 7. Nxe4 Nxe4 8. Qxe4 Bg7 9. Be2 O-O 10. O-O Nd7 11. Rd1 Nf6 12. Qh4 h5 13. h3 Re8 14. Ne5 Be6 15. Qg3 Ne4 16. Qf4 Nd6 17. b3 a5 18. a4 Nf5 19. g4 hxg4 20. hxg4 Nd6 21. Bb2 Qb6 22. Ra3 Qc7 23. Qe3 Bd7 24. Kg2 Red8 25. Rh1 Ne8 26. f4 Nf6 27. Rh4 b5 28. Ra1 bxa4 29. g5 Nh5 30. Bxh5 gxh5 31. Rxh5 Bf5 32. Rah1 Rab8 33. d5 Rxb3 34. Qd4 Rxb2+ 35. Qxb2 cxd5 36. Rh8+ Bxh8 37. Rxh8+ Kxh8 38. Nxf7+ Kh7 39. g6+ Kxg6 40. Ne5+ Kf6 41. Kf3 Be4+ 42. Kg3 Rg8+ 43. Ng4+ Kf5 0-1

[Event "December 12 Late 2023"]
[Site "https://www.chess.com"]
[Date "2023.12.12"]
[Round "10"]
[White "Sjugirov, Sanan"]
[Black "Martinez Alcantara, Jose Eduardo"]
[Result "0-1"]
[Board "11"]
[TimeControl "180+1"]
[WhiteFideId "4189302"]
[BlackFideId "3805662"]
[WhiteElo "2921"]
[BlackElo "3052"]
[WhiteTeam "HUN"]
[BlackTeam "PER"]
[WhiteClock "0:00:00"]
[BlackClock "0:01:42"]

1. e4 c5 2. Nf3 d6 3. d4 cxd4 4. Nxd4 a6 5. c4 e6 6. Nc3 Nf6 7. Be2 b6 8. O-O Bb7 9. f3 Nbd7 10. Be3 Be7 11. a4 Qb8 12. a5 bxa5 13. Nb3 O-O 14. Nxa5 Rc8 15. Qd2 Bd8 16. Kh1 Bc7 17. Bg1 h5 18. Rfd1 h4 19. b4 h3 20. g3 Ne5 21. Bd4 Nfd7 22. Nxb7 Qxb7 23. Rab1 Rab8 24. c5 dxc5 25. bxc5 Qc6 26. f4 Ng6 27. Rxb8 Rxb8 28. Qe3 e5 29. fxe5 Bxe5 30. Nd5 Bxd4 31. Qxd4 Qxc5 32. Qd2 a5 33. Bg4 Nde5 34. Bxh3 a4 35. Bf5 a3 36. Bxg6 Nxg6 37. Rf1 Qc4 38. Qf2 Qxe4+ 0-1

[Event "December 12 Late 2023"]
[Site "https://www.chess.com"]
[Date "2023.12.12"]
[Round "10"]
[White "Gabuzyan, Hovhannes"]
[Black "Pranav, V"]
[Result "1-0"]
[Board "12"]
[TimeControl "180+1"]
[WhiteFideId "13303732"]
[BlackFideId "25060783"]
[WhiteElo "2842"]
[BlackElo "3039"]
[WhiteTeam "ARM"]
[BlackTeam "IND"]
[WhiteClock "0:00:15"]
[BlackClock "0:00:00"]

1. e4 e5 2. Nf3 Nc6 3. Bb5 a6 4. Ba4 Nf6 5. O-O b5 6. Bb3 Bc5 7. d3 d6 8. a4 Rb8 9. axb5 axb5 10. Nc3 h6 11. Nd5 O-O 12. h3 Be6 13. Be3 Bxd5 14. exd5 Bxe3 15. fxe3 Ne7 16. e4 Ng6 17. g3 Ra8 18. Rxa8 Qxa8 19. Qe2 c6 20. dxc6 Qxc6 21. Kh2 Re8 22. Ne1 Qd7 23. Ng2 d5 24. exd5 e4 25. dxe4 Nxe4 26. Qd3 Qd6 27. Nf4 Nxf4 28. Rxf4 Qe5 29. Qxb5 Nxg3 30. Kxg3 g5 31. Qa4 gxf4+ 32. Qxf4 Qe1+ 33. Kf3 Re5 34. Qg3+ Qxg3+ 35. Kxg3 Kf8 36. Kf4 f6 37. c4 Re2 38. Bd1 Rxb2 39. Kf5 Rd2 40. Bf3 Ke7 41. c5 Rc2 42. d6+ Kd8 43. c6 Rd2 44. Ke6 Rd3 45. Be4 Re3 46. c7+ Kc8 47. Kd5 Kb7 48. Kd4+ Rxe4+ 49. Kxe4 1-0

[Event "December 12 Late 2023"]
[Site "https://www.chess.com"]
[Date "2023.12.12"]
[Round "10"]
[White "Cordova, Emilio"]
[Black "Zwirs, Nico"]
[Result "0-1"]
[Board "13"]
[TimeControl "180+1"]
[WhiteFideId "3801497"]
[BlackFideId "1036432"]
[WhiteElo "2928"]
[BlackElo "2852"]
[WhiteTeam "PER"]
[BlackTeam "NED"]
[WhiteClock "0:00:05"]
[BlackClock "0:00:18"]

1. d4 d5 2. Nf3 Nf6 3. c4 e6 4. g3 dxc4 5. Qa4+ Nbd7 6. Qxc4 a6 7. Bg2 b5 8. Qc6 Rb8 9. Bf4 Bb7 10. Qxc7 Bb4+ 11. Nbd2 Qxc7 12. Bxc7 Rc8 13. Bf4 Rc2 14. O-O Rxb2 15. Rab1 Rxb1 16. Rxb1 Nd5 17. Ne4 Nxf4 18. gxf4 Bxe4 19. Rxb4 Ke7 20. a4 Rc8 21. h3 Rc1+ 22. Kh2 Rc4 23. Rxc4 bxc4 24. Ne1 Bb1 25. a5 Kd6 26. e4 Nb8 27. e5+ Kd7 28. d5 exd5 29. Bxd5 c3 30. Bxf7 Nc6 31. Bc4 Nb4 32. Kg3 c2 33. Nxc2 Bxc2 34. Kg4 Bd3 35. Bg8 Nc6 36. h4 h6 37. Bd5 Nxa5 38. f5 Nc4 39. Kf4 Ke7 40. Bc6 a5 41. h5 Bc2 42. Bb5 Nb6 0-1

[Event "December 12 Late 2023"]
[Site "https://www.chess.com"]
[Date "2023.12.12"]
[Round "10"]
[White "Miranda, Rafael"]
[Black "Demchenko, Anton"]
[Result "0-1"]
[Board "14"]
[TimeControl "180+1"]
[WhiteFideId "130990"]
[BlackFideId "4160258"]
[WhiteElo "2664"]
[BlackElo "2881"]
[WhiteTeam "ARG"]
[BlackTeam "SLO"]
[WhiteClock "0:00:43"]
[BlackClock "0:00:20"]

1. e4 e5 2. Nf3 Nc6 3. Bb5 a6 4. Ba4 Nge7 5. c3 Ng6 6. d4 exd4 7. cxd4 Bb4+ 8. Nc3 d5 9. exd5 Bxc3+ 10. bxc3 Qxd5 11. Qe2+ Qe6 12. Bxc6+ bxc6 13. Qxe6+ Bxe6 14. Ba3 f6 15. Kd2 Kd7 16. Rhe1 Bd5 17. Re3 Rhe8 18. Ne1 Rab8 19. g3 h5 20. Nd3 Rxe3 21. Nc5+ Ke8 22. fxe3 a5 23. e4 Bc4 24. Na4 h4 25. Nb2 Bf7 26. c4 Kd7 27. Rf1 hxg3 28. hxg3 Rh8 29. e5 Rh2+ 30. Ke3 Rc2 31. exf6 Rc3+ 32. Kd2 Rxa3 33. fxg7 Ke7 34. Nd3 Bxc4 35. Nc5 Rxg3 36. Ne4 Rg2+ 37. Kc3 Bd5 38. Nf6 Rg3+ 39. Kb2 Nh4 40. Rf4 Ng2 0-1